 Dungeon Crawl Stone Soup version 0.19-a0-1861-g35def1e (webtiles) character file.

58 Alarkh the Caller (level 3, 0/24 HPs)
             Began as a Mummy Summoner on Oct 12, 2016.
             Slain by Natasha (5 damage)
             ... on level 2 of the Dungeon.
             The game lasted 00:02:57 (2376 turns).

Alarkh the Caller (Mummy Summoner)                  Turns: 2376, Time: 00:02:57

Health: 0/24       AC:  2    Str: 11    XL:     3   Next: 76%
Magic:  3/7        EV: 12    Int: 15    God:
Gold:   21         SH:  0    Dex: 12    Spells: 3 memorised, 2 levels left

rFire  x . .     SeeInvis .     g - +1 dagger (protect)
rCold  + + .     Gourm    .     a - +0 robe
rNeg   + + +     Faith    .     (no shield)
rPois  ∞         Spirit   .     (no helmet)
rElec  .         Dismiss  .     (no cloak)
rCorr  .         Reflect  .     (no gloves)
MR     .....     Harm     .     (no boots)
Stlth  ++........               (no amulet)
                                (no ring)
                                e - ring of protection from cold

@: slowed, very slow
A: no food or potions, fire vulnerability, cold resistance 1, negative energy
resistance 3, torment resistance, unbreathing
a: no special abilities


You were on level 2 of the Dungeon.
You were not hungry.

You visited 1 branch of the dungeon, and saw 2 of its levels.

You collected 21 gold pieces.

Inventory:

Hand Weapons
 f - a +0 dagger
 g - a +1 dagger of protection (weapon)
Armour
 a - a +0 robe (worn)
Jewellery
 e - a ring of protection from cold (left hand)
Scrolls
 c - a scroll of remove curse {unknown}
 d - 3 scrolls of identify
 h - a scroll of enchant armour {unknown}
Books
 b - a book of Callings

   Spells                             Type                      Level
   a - Summon Small Mammal            Summoning                    1
   b - Call Imp                       Summoning                    2
   c - Call Canine Familiar           Summoning                    3
   d - Summon Guardian Golem          Hexes/Summoning              3
   e - Summon Lightning Spire         Summoning/Air                4
   f - Summon Ice Beast               Ice/Summoning                4


   Skills:
 - Level 1.5 Dodging
 - Level 1.5 Stealth
 + Level 3.0 Spellcasting
 + Level 3.9 Summonings


You had 2 spell levels left.
You knew the following spells:

 Your Spells              Type           Power        Failure   Level  Hunger
a - Call Canine Familiar  Summ           ##......     14%         3    N/A
b - Summon Small Mammal   Summ           ##..         4%          1    N/A
c - Call Imp              Summ           ##......     8%          2    N/A

Dungeon Overview and Level Annotations

Branches:
Dungeon (2/15)

Altars:

Annotations:
D:2 Natasha


Innate Abilities, Weirdness & Mutations

You do not eat or drink.
Your flesh is vulnerable to fire.
You are immune to poison.
Your flesh is cold resistant. (rC+)
You are immune to negative energy. (rN+++)
You are immune to unholy pain and torment.
You can survive without breathing.


Message History

Your crimson imp hits Natasha but does no damage.
Okay, then.
Natasha stares at you and mumbles some strange words.
You feel yourself slow down.
Your crimson imp closely misses Natasha.
An ooze comes into view.
The crimson imp hits your crimson imp.
Your crimson imp hits the crimson imp.
The crimson imp hits your crimson imp but does no damage.
Your crimson imp blinks!
Natasha mumbles some strange words.
The crimson imp blinks!
Natasha mumbles some strange words.
Your crimson imp hits the white imp but does no damage.
Natasha misses you. Natasha casts a spell at you. The magic dart hits you!
* * * LOW HITPOINT WARNING * * *
The white imp puffs mist at you. Natasha claws you.
You die...

.# ##..############ #.##...
.#
##............########.##...
.#
############....(......†...
)# ##########....)...†......
##
#####..........#####...<†....
# #.....##########
##.######.# #####.##########
#####..# #.#
......######[..####)....##
#.# #..............h@...##.##
#># #.########.......####..#
#.# #(# #.!.55...##..## #.#
#.# #..5.....##..# #.#
..#########...######### #.#
......5......J...### #.#
?....5.###.........## ##.#
......## #.......†..# #..#
...>..# ##...###....# ###.##


You could see Natasha, an ooze, 2 white imps and a friendly crimson imp.

Vanquished Creatures
  Natasha (D:2)
  An ooze (D:1)
  2 giant cockroaches (D:1)
  3 goblins
  2 jackals (D:2)
  2 ball pythons
  2 bats
  A frilled lizard (D:1)
  A kobold (D:2)
  3 rats
18 creatures vanquished.

Vanquished Creatures (collateral kills)
  An adder (D:2)
  An ooze (D:1)
  2 dart slugs
  A leopard gecko (D:1)
  A giant cockroach (D:2)
  2 goblins
  4 hobgoblins
  4 jackals (D:2)
  3 kobolds
  2 rats (D:1)
21 creatures vanquished.

Grand Total: 39 creatures vanquished

Notes
Turn   | Place    | Note
-------+----------+-------------------------------------------
     0 | D:1      | Alarkh the Mummy Summoner began the quest for the Orb.
     0 | D:1      | Reached XP level 1. HP: 13/13 MP: 3/3
   664 | D:1      | Reached XP level 2. HP: 6/19 MP: 1/5
  1809 | D:2      | Reached XP level 3. HP: 10/24 MP: 2/7
  1886 | D:2      | Learned a level 3 spell: Call Canine Familiar
  1889 | D:2      | Learned a level 2 spell: Call Imp
  1925 | D:2      | Noticed Natasha
  2320 | D:2      | Killed Natasha
  2360 | D:2      | Noticed Natasha
  2376 | D:2      | Slain by Natasha

Vault maps used:
D:1:      minmay_arrival_jagged, corexii_corridor_pit
D:2:      kennysheep_goblin_castle, serial_curves, eino_curves_04,
          eino_curves_02, uniq_iyjb, uniq_natasha, uniq_terence

Skill      XL: |  1  2  3 |
---------------+----------+-----
Spellcasting   | 3 |  3.0
Dodging        | |  1.5
Stealth        | |  1.5
Summonings     | |  3.9

Action                   || total
-------------------------++-------
Melee: Unarmed           ||    46
       Dagger            ||    72
 Cast: Summon Small Mamm ||    41
       Call Canine Famil ||     7
       Call Imp          ||     2
  Use: Scroll            ||     2
Armor: Robe              ||    28
Dodge: Dodged            ||    71
